 Dungeon Crawl Stone Soup version 0.18.1-48-g4cf74bf (webtiles) character file.

10770 Gottschkopf the Eclecticist (level 11, -18/64 HPs)
             Began as a Deep Elf Conjurer on Aug 1, 2016.
             Was an Elder of Vehumet.
             Demolished by an orc knight
             ... wielding a +0 great sword
              (27 damage)
             ... on level 10 of the Dungeon.
             The game lasted 00:41:49 (10749 turns).

Gottschkopf the Eclecticist (Deep Elf Conjurer)    Turns: 10749, Time: 00:41:49

Health: -18/64     AC:  9    Str:  5    XL:     11   Next: 40%
Magic:  14/42      EV: 13    Int: 24    God:    Vehumet [****..]
Gold:   712        SH:  0    Dex: 15    Spells: 7 memorised, 19 levels left

rFire  . . .     SeeInvis .     K - +4 quarterstaff (chaos)
rCold  . . .     Gourm    .     R - steam dragon hide
rNeg   . . .     Faith    +     (shield currently unavailable)
rPois  .         Spirit   .     h - +2 helmet
rElec  .         Dismiss  .     J - +1 cloak {MR+}
rCorr  .         Reflect  .     F - +1 pair of gloves
SustAt .         Harm     .     (no boots)
MR     ++...                    y - amulet of faith
Stlth  +.........               G - ring of loudness (curse)
                                s - ring of magical power

@: lethally poisoned (-18 -> -27), about to teleport, very resistant to hostile
enchantments, very unstealthy
A: no striking features
a: Renounce Religion


You were on level 10 of the Dungeon.
You worshipped Vehumet.
Vehumet was greatly pleased with you.
You were not hungry.

You visited 2 branches of the dungeon, and saw 11 of its levels.
You also visited: Sewer.

You collected 712 gold pieces.

Inventory:

Hand Weapons
 K - a +4 quarterstaff of chaos (weapon)
 M - a +0 dagger of venom
Armour
 d - a +1 robe of magic resistance
 h - a +2 helmet (worn)
 w - the +0 pair of boots of the Dungeon {rN+++ Int-4}
   (You found it on level 4 of the Dungeon)

   It affects your intelligence (-4).
   It renders you almost immune to negative energy.
 F - a +1 pair of gloves (worn)
 J - a +1 cloak of magic resistance (worn)
 R - a steam dragon hide (worn)
 T - a +2 hat
Jewellery
 g - an uncursed ring of resist corrosion
 s - a ring of magical power (left hand)
 t - an uncursed ring of stealth
 y - an amulet of faith (around neck)
 G - a cursed ring of loudness (right hand)
 Z - a +1 ring of protection {unknown}
Wands
 x - a wand of digging (15/24)
 N - a wand of acid (7/15)
 P - a wand of lightning (9/15)
 W - a wand of iceblast (8/15)
Scrolls
 e - a scroll of recharging
 f - 4 scrolls of immolation
 l - 2 scrolls of teleportation
 p - a scroll of fog {unknown}
 r - a scroll of amnesia {unknown}
 A - 4 scrolls of blinking {unknown}
 C - a scroll of random uselessness {unknown}
 E - a scroll of summoning {unknown}
 H - a scroll of vulnerability {unknown}
 O - a scroll of fear {unknown}
 V - a scroll of torment {unknown}
Potions
 a - 3 potions of agility
 i - a potion of might {unknown}
 m - 6 potions of flight
 n - 3 potions of heal wounds
 u - 2 potions of curing
 B - 2 potions of berserk rage
 D - 4 potions of lignification
 I - a potion of brilliance {unknown}
 L - a potion of cure mutation
 S - a potion of degeneration {unknown}
 Y - a potion of mutation {unknown}
Books
 b - a book of Conjurations

   Spells                             Type                      Level
   a - Magic Dart                     Conjuration                  1
   b - Searing Ray                    Conjuration                  2
   c - Dazzling Spray                 Conjuration/Hexes            3
   d - Fulminant Prism                Conjuration/Hexes            4
   e - Iskenderun's Mystic Blast      Conjuration                  4
   f - Iskenderun's Battlesphere      Conjuration/Charms           5
 q - a book of Unlife

   Spells                             Type                      Level
   a - Recall                         Summoning/Translocation      3
   b - Animate Dead                   Necromancy                   4
   c - Control Undead                 Necromancy                   4
   d - Cigotuvi's Embrace             Necromancy                   5
   e - Death Channel                  Necromancy                   6
   f - Simulacrum                     Ice/Necromancy               6
 Q - a book of Clouds

   Spells                             Type                      Level
   a - Mephitic Cloud                 Conjuration/Poison/Air       3
   b - Conjure Flame                  Conjuration/Fire             3
   c - Poisonous Cloud                Conjuration/Poison/Air       6
   d - Freezing Cloud                 Conjuration/Ice/Air          6
   e - Ring of Flames                 Charms/Fire                  7
 X - a book of Beasts

   Spells                             Type                      Level
   a - Summon Butterflies             Summoning                    1
   b - Call Canine Familiar           Summoning                    3
   c - Summon Ice Beast               Ice/Summoning                4
   d - Summon Mana Viper              Hexes/Summoning              5
   e - Summon Hydra                   Summoning                    7
Comestibles
 c - 12 bread rations
 k - 10 chunks of flesh
 v - 9 fruits
 z - 5 meat rations
 U - a royal jelly


   Skills:
 + Level 5.7 Fighting
 - Level 2.4 Dodging
 - Level 2.4 Stealth
 - Level 16.5 Spellcasting
 - Level 11.2 Conjurations
 - Level 4.0 Charms


You had 19 spell levels left.
You knew the following spells:

 Your Spells              Type           Power        Failure   Level  Hunger
a - Magic Dart            Conj           ####         1%          1    None
b - Searing Ray           Conj           ######       1%          2    None
c - Iskenderun's Mystic   Conj           ######..     1%          4    None
d - Fulminant Prism       Conj/Hex       #####.....   1%          4    None
e - Iskenderun's Battles  Conj/Chrm      ######..     1%          5    #......
f - Regeneration          Chrm/Necr      ####......   3%          3    None
g - Lee's Rapid Deconstr  Erth           ###.......   32%         5    #......


Dungeon Overview and Level Annotations

Branches:
Dungeon (10/15)            Temple (1/1) D:6            Lair (0/8) D:8
    Orc (0/2) D:10

Altars:
Ashenzari
Cheibriados
Elyvilon
Fedhas
Gozag
Kikubaaqudgha
Makhleb
Nemelex Xobeh
Okawaru
Pakellas
Qazlal
Ru
Sif Muna
Trog
Vehumet
The Shining One


Message History

You feel sick. The soldier ant stings you!
* * * LOW HITPOINT WARNING * * *
Casting: Iskenderun's Mystic Blast
Confirm with . or Enter, or press ? or * to list all spells.
Aiming: Iskenderun's Mystic Blast
Press: ? - help, Shift-Dir - straight line, f/p - soldier ant
Aim: a soldier ant (severely wounded)
The orb of energy hits the soldier ant.
You kill the soldier ant!
Vehumet accepts your kill.
The orb of energy explodes!
* * * LOW HITPOINT WARNING * * *
You feel sick.
Read which item? (? for menu, Esc to quit)
As you read the scroll of teleportation, it crumbles to dust.
You feel strangely unstable.
* * * LOW HITPOINT WARNING * * *
You feel sick.
The orc knight hits you with a great sword!!
You die...

*,,,,*
*,,,***,,,***#....###*
*********,****#.#*,*#.##.#
*,**,**,*#.#*,*#..,(# ##
*,,,,,,,,...,,******* .#
*,**,**,*#.#*,* .#
*,**,***##.##** .#
###***,,,,**...* ####.##
*******#o#*
(.....##########@#
####..(.....รท.(..# #
#.......#.#####
#**#.####.....#********
.,*#.# #.......,,,,,,*
#,*#.# ##.######******
.,,..# #.# .,*### ### *,*


You could see an orc knight.

Vanquished Creatures
  Gastronok (D:8)
  The ghost of letownia the Thaumaturge, a novice OpWz (D:7)
  Pikel (D:7)
  A cyclops (D:10)
  3 centaur skeletons (D:10)
  2 komodo dragons (D:8)
  A queen bee (D:10)
  Grinder (D:3)
  A spriggan (D:7)
  A hippogriff (D:8)
  3 hungry ghosts
  5 steam dragons
  A mottled dragon (D:8)
  A soldier ant (D:10)
  2 ice beasts (D:6)
  3 orc warriors
  4 slaves (D:7)
  6 ogres
  A phantom (D:4)
  A black bear (D:7)
  A necrophage (D:10)
  3 centaurs
  3 crocodiles
  2 big kobolds
  8 giant frogs
  A wyvern skeleton (D:10)
  2 scorpions (D:8)
  A water moccasin zombie (D:7)
  12 killer bees
  3 howler monkeys
  4 crimson imps
  A centaur zombie (D:6)
  2 giant frog zombies
  3 orc priests (D:10)
  A giant frog skeleton (D:4)
  6 hounds
  5 jellies
  Crazy Yiuf (D:6)
  A gnoll shaman (D:10)
  4 orc wizards
  Jessica (D:2)
  6 iguanas
  5 worker ants
  A killer bee zombie (D:8)
  A hound skeleton (D:10)
  A worker ant zombie (D:5)
  3 howler monkey skeletons
  10 gnolls
  14 adders
  2 river rats (Sewer)
  4 shadow imps
  An ooze (D:3)
  3 adder skeletons
  2 worms
  A dart slug (D:1)
  6 giant geckos
  17 orcs
  5 giant cockroaches
  8 hobgoblins
  6 jackals
  5 quokkas
  5 ball pythons
  3 bats
  5 giant newts
  7 goblins
  A jackal skeleton (D:4)
  A jackal zombie (D:7)
  12 kobolds
  A quokka skeleton (D:7)
  A quokka zombie (D:9)
  11 rats
253 creatures vanquished.

Vanquished Creatures (others)
  A hound (D:9)
  A kobold (D:9)
  4 fulminant prisms
6 creatures vanquished.

Grand Total: 259 creatures vanquished

Notes
Turn   | Place    | Note
--------------------------------------------------------------
     0 | D:1      | Gottschkopf the Deep Elf Conjurer began the quest for the Orb.
     0 | D:1      | Reached XP level 1. HP: 10/10 MP: 6/6
   318 | D:1      | Reached skill level 4 in Spellcasting
   318 | D:1      | Reached XP level 2. HP: 15/15 MP: 3/9
   327 | D:1      | Learned a level 2 spell: Searing Ray
   751 | D:2      | Reached XP level 3. HP: 19/19 MP: 7/11
   871 | D:2      | Reached skill level 5 in Spellcasting
  1203 | D:2      | Noticed Jessica
  1207 | D:2      | Killed Jessica
  1207 | D:2      | Reached skill level 6 in Spellcasting
  1207 | D:2      | Reached XP level 4. HP: 24/24 MP: 4/14
  1214 | D:2      | Learned a level 4 spell: Iskenderun's Mystic Blast
  1219 | D:2      | Learned a level 4 spell: Fulminant Prism
  1860 | D:3      | Reached skill level 7 in Spellcasting
  1860 | D:3      | Reached XP level 5. HP: 25/28 MP: 8/16
  1869 | D:3      | Learned a level 5 spell: Iskenderun's Battlesphere
  1972 | D:3      | Found an iron altar of Okawaru.
  2317 | D:3      | Noticed Grinder
  2486 | D:3      | Paralysed by Grinder for 5 turns
  2495 | D:3      | Killed Grinder
  2495 | D:3      | Reached XP level 6. HP: 18/32 MP: 4/18
  2853 | D:4      | Reached XP level 7. HP: 36/36 MP: 10/19
  2972 | D:4      | HP: 1/36 [orc wizard/puff of frost (14)]
  3535 | D:4      | Got a pair of fine boots
  3539 | D:4      | Found an oddly glowing altar of Pakellas.
  3626 | D:5      | Entered Level 5 of the Dungeon
  3755 | D:5      | Found a glowing drain.
  3768 | Sewer    | Entered a sewer
  3832 | Sewer    | Identified the +0 pair of boots of the Dungeon {rN+++ Int-4} (You found it on level 4 of the Dungeon)
  3976 | Sewer    | Found a white marble altar of Elyvilon.
  4068 | D:5      | Found a white marble altar of Elyvilon.
  4522 | D:6      | Reached XP level 8. HP: 38/41 MP: 20/20
  4968 | D:6      | Reached skill level 10 in Conjurations
  5037 | D:6      | Noticed Crazy Yiuf
  5043 | D:6      | Killed Crazy Yiuf
  5477 | D:6      | Found a staircase to the Ecumenical Temple.
  5484 | Temple   | Entered the Ecumenical Temple
  5631 | Temple   | Became a worshipper of Vehumet
  5836 | D:7      | Found an opulent altar of Gozag.
  5902 | D:7      | Noticed Pikel
  5910 | D:7      | Killed Pikel
  5910 | D:7      | Reached skill level 9 in Spellcasting
  5910 | D:7      | Reached XP level 9. HP: 26/45 MP: 4/24
  6233 | D:7      | Found an oddly glowing altar of Pakellas.
  6233 | D:7      | Found a sparkling altar of Nemelex Xobeh.
  6233 | D:7      | Found a snail-covered altar of Cheibriados.
  6234 | D:7      | Found a shattered altar of Ashenzari.
  6618 | D:7      | Reached skill level 10 in Spellcasting
  6738 | D:7      | Noticed letownia's ghost (novice OpWz)
  6745 | D:7      | Killed letownia's ghost
  6745 | D:7      | Reached skill level 11 in Spellcasting
  7134 | D:8      | Reached skill level 12 in Spellcasting
  7468 | D:8      | Noticed Gastronok
  7485 | D:8      | Reached * piety under Vehumet
  7485 | D:8      | Offered knowledge of Shock by Vehumet.
  7487 | D:8      | Reached skill level 13 in Spellcasting
  7548 | D:8      | Killed Gastronok
  7548 | D:8      | Reached skill level 14 in Spellcasting
  7548 | D:8      | Reached XP level 10. HP: 5/50 MP: 1/30
  7905 | D:8      | Reached skill level 15 in Spellcasting
  7977 | D:8      | HP: 2/50 [komodo dragon (10)]
  8437 | D:8      | Reached skill level 16 in Spellcasting
  8446 | D:8      | Found a staircase to the Lair.
  8793 | D:8      | Reached ** piety under Vehumet
  8793 | D:8      | Offered knowledge of Throw Flame by Vehumet.
  9510 | D:9      | Found an opulent altar of Gozag.
  9538 | D:9      | Learned a level 3 spell: Regeneration
  9626 | D:9      | Found a burning altar of Makhleb.
  9632 | D:9      | Reached skill level 1 in Fighting
  9643 | D:9      | Offered knowledge of Stone Arrow by Vehumet.
  9643 | D:9      | Reached XP level 11. HP: 45/57 MP: 19/33
 10069 | D:10     | Entered Level 10 of the Dungeon
 10077 | D:10     | Reached *** piety under Vehumet
 10215 | D:10     | Offered knowledge of Static Discharge by Vehumet.
 10410 | D:10     | Found a staircase to the Orcish Mines.
 10497 | D:10     | Reached **** piety under Vehumet
 10521 | D:10     | Reached skill level 5 in Fighting
 10728 | D:10     | Offered knowledge of Lee's Rapid Deconstruction by Vehumet.
 10735 | D:10     | Learned a level 5 spell: Lee's Rapid Deconstruction
 10745 | D:10     | Noticed an orc knight
 10749 | D:10     | Demolished by an orc knight

Skill      XL: |  1  2  3  4  5  6  7  8  9 10 11 |
---------------+----------------------------------+-----
Spellcasting   | 4 6 7 9 14 16 | 16.5
Charms         | 4 |  4.0
Conjurations   | 6 8 11 | 11.2
Fighting       | 1 5 |  5.7
Dodging        | |  2.4
Stealth        | |  2.4

Action                   |  1- 3 |  4- 6 |  7- 9 | 10-12 || total
-------------------------+-------+-------+-------+-------++-------
Melee: Dagger            |       |     1 |     1 |       ||     2
       Quarterstaff      |       |       |    10 |    13 ||    23
 Cast: Magic Dart        |    49 |    59 |   198 |   236 ||   542
       Searing Ray       |     3 |     6 |    19 |    16 ||    44
       Iskenderun's Myst |       |     4 |    22 |    43 ||    69
       Iskenderun's Batt |       |     1 |    13 |    12 ||    26
       Fulminant Prism   |       |       |       |     4 ||     4
  Use: Scroll            |       |     2 |     5 |     8 ||    15
       Potion            |       |       |       |     1 ||     1
 Stab: Sleeping          |       |       |     1 |       ||     1
  Eat: Chunk             |       |     6 |    17 |    10 ||    33
       Pizza             |       |       |     1 |       ||     1
Armor: Robe              |     1 |     1 |    15 |       ||    17
       Steam dragon hide |       |       |    10 |    40 ||    50
Dodge: Dodged            |     3 |     4 |    51 |    95 ||   153
